 Dungeon Crawl Stone Soup version 0.32-a0-791-gfc315c9ecd (webtiles) character file.

Game seed: 8274336177960170328

43467 BigDaddyOpFi the Cleaver (level 14, -3/111 HPs)
             Began as a Coglin Monk on Mar 20, 2024.
             Was a High Priest of Beogh.
             Slain by a skyshark (4 damage)
             ... on level 5 of the Lair of Beasts.
             The game lasted 00:35:32 (22028 turns).

BigDaddyOpFi the Cleaver (Coglin Monk)             Turns: 22028, Time: 00:35:33

Health: -3/111     AC: 25    Str: 15    XL:     14   Next: 24%
Magic:  14/14      EV:  7    Int: 10    God:    Beogh [*****.]
Gold:   877        SH:  0    Dex: 16    Spells: 13/13 levels left

rFire   + . .        q - +4 war axe (freeze) {Ealamassi}
rCold   . . .        e - +3 whip (venom) {Gebhard}
rNeg    . . .        f - +5 plate armour
rPois   .            B - +1 helmet
rElec   .            i - +0 cloak
rCorr   .            (no gloves)
SInv    .            r - +0 pair of boots
Will    +....        (amulet unavailable) Stlth
                     (ring unavailable)
HPRegen 0.38/turn    (ring unavailable)
MPRegen 0.14/turn    s - dynamic dynamo {AutoDazzle, rF+ Slay+3}

%: no passive effects
@: no status effects
A: walk on water, off-hand wielding, slow wielding, warmup strikes, no
jewellery, shaggy fur 1, weak 1, wild magic 1
a: Renounce Religion, Smiting, Recall Apostles, Blood for Blood, Dismiss Orkidu,
warrior, Dismiss Bogwald, priest, Dismiss Pellinorc, warrior


You were on level 5 of the Lair of Beasts.
You worshipped Beogh.
Beogh was extremely pleased with you.
You visited 2 branches of the dungeon, and saw 16 of its levels.
You also visited: Sewer.

You collected 877 gold pieces.

Inventory:

Hand Weapons
 a - a +0 hand axe {Chun}
 b - a +3 falchion
 e - a +3 whip of venom (offhand) {Gebhard}
 l - a +1 vampiric war axe
 q - a +4 war axe of freezing (weapon) {Ealamassi}
 y - a +0 orcbow
 z - a +3 shortbow
Missiles
 t - 5 javelins
Armour
 d - an orb of light
 f - a +5 plate armour (worn)
 i - a +0 cloak (worn)
 r - a +0 pair of boots (worn)
 u - a +1 chain mail
 B - a +1 helmet (worn)
Gizmo
 s - a dynamic dynamo (installed) {AutoDazzle, rF+ Slay+3}
   (You invented it yourself on level 4 of the Lair of Beasts)

   [dynamic dynamo]

   AutoDazzle: It sometimes fires a blinding ray at enemies whose attacks you
   dodge.
   Slay+3:    It affects your accuracy & damage with ranged weapons and melee
   (+3).
   rF+:       It protects you from fire.
Wands
 c - a wand of flame (18) (quivered)
 p - a wand of acid (4)
 w - a wand of digging (5)
 x - a wand of charming (16)
Scrolls
 g - 3 scrolls of poison
 h - a scroll of immolation
 k - 7 scrolls of vulnerability
 m - 2 scrolls of identify
 v - a scroll of revelation
 A - a scroll of torment
 E - a scroll of teleportation
 G - a scroll of summoning
 I - a scroll of fog
Potions
 j - a potion of brilliance
 n - 2 potions of attraction
 C - a potion of lignification
 D - 2 potions of degeneration
 F - a potion of invisibility
 H - a potion of enlightenment
Miscellaneous
 o - a tin of tremorstones (2/2)


   Skills:
 + Level 10.8 Fighting
 + Level 10.9(12.5) Axes
 + Level 9.1(11.1) Maces & Flails
 + Level 9.1 Throwing
 + Level 9.1 Armour
 + Level 9.8 Dodging


You had 13 spell levels left.
You didn't know any spells.
Your spell library contained the following spells:

 Spells                   Type           Power      Damage    Failure   Level
 Kiss of Death            Conj/Necr      0%         2d5       100%        1
 Sting                    Conj/Alch      0%         1d3       100%        1
 Cigotuvi's Dreadful Rot  Necr/Alch/Air  0%         N/A       100%        2
 Lesser Beckoning         Tloc           0%         N/A       100%        2
 Mercury Vapours          Alch/Air       0%         N/A       100%        2
 Confusing Touch          Hex            0%         N/A       100%        3
 Gell's Gravitas          Tloc           0%         N/A       100%        3
 Inner Flame              Hex/Fire       0%         N/A       100%        3
 Teleport Other           Tloc           0%         N/A       100%        3
 Dispel Undead            Necr           0%         3d6       100%        4
 Flame Wave               Conj/Fire      0%         2d4       100%        4
 Olgreb's Toxic Radiance  Alch           0%         N/A       100%        4
 Sticky Flame             Fire/Alch      0%         2d4       100%        4
 Alistair's Intoxication  Alch           0%         N/A       100%        5
 Borgnjor's Vile Clutch   Necr/Erth      0%         N/A       100%        5
 Silence                  Hex/Air        0%         N/A       100%        5
 Eringya's Noxious Bog    Alch           0%         4d6       100%        6
 Maxwell's Capacitive Co  Air            0%         ∞         100%        8


Dungeon Overview and Level Annotations

Branches:
Dungeon (11/15)              Lair (5/5) D:8          Shoals (0/4) Lair:3
  Snake (0/4) Lair:2        Slime (0/5) Lair:4          Orc (0/2) D:10
  Sewer (visited)
 Temple: D:4-7

Altars:
Gozag
Kikubaaqudgha
Ru
Uskayaw
Vehumet
Yredelemnul

Shops:
D:1 [   D:6 [

Annotations:
D:3 exclusion: statue
Lair:2 2 transporters, warriortoast's ghost, journeyman GrEE


Innate Abilities, Weirdness & Mutations

You can walk on water.
Your facial features are unmistakably orcish.
You can wield a second weapon in your off-hand.
It takes a long time for you to wield or remove held weapons.
Your first few attacks do less damage.
You cannot equip rings or amulets.
You are covered in fur. (AC +1)
You are weak. (Str -2)
Your spells are a little harder to cast, but a little more powerful.


Message History

The elephant tramples you!
* * * LOW HITPOINT WARNING * * *
You stumble backwards!
Orkidu hits the elephant but does no damage.
Space warps around the elephant!
Orkidu hits the fungus with a +2 battleaxe of distortion!
The fungus begins to die.
Orkidu hits the skyshark with a +2 battleaxe of distortion!
Space warps around the skyshark.
The skyshark bites Bogwald.
The skyshark tastes blood and grows stronger!
The skyshark closely misses Bogwald.
The skyshark barely misses Bogwald.
Okay, then.
The elephant tramples Orkidu.
Orkidu holds his ground!
The elephant trunk-slaps Orkidu but does no damage.
The elephant attacks as it pursues you!
The elephant tramples you but does no damage.
The elephant closely misses you.
Orkidu hits the elephant with a +2 battleaxe of distortion.
Space warps horribly around the elephant!
Orkidu hits the fungus with a +2 battleaxe of distortion.
Space warps horribly around the fungus!
Orkidu hits the skyshark with a +2 battleaxe of distortion.
Space warps horribly around the skyshark.
Bogwald calls down the wrath of Beogh upon the elephant.
The elephant is smitten.
What are your orders? t - Shout!
Orders for allies: a - Attack new target. p - Attack previous target. r - Retreat! s - Stop attacking. g - Guard the area. f - Follow me.
Anything else - Cancel.
You shout for attention!
You hear an angry hiss.
You hear a trumpeting! x2
Pellinorc hits the elephant with a +1 heavy war axe.
The elephant dies!
Beogh accepts your kill.
Pellinorc hits the elephant with a +1 heavy war axe!
The elephant tramples you but does no damage.
The elephant trunk-slaps you but does no damage.
The skyshark bites you.
You die...

#.. #.. ##.. #
#...#. . #....####
. ..##PPP.#P.# ..#
+..PPP.....###....
......P.@Y........
........Foo.......
#.PP..............
###......o........
#.....P.[.#.###.
#....###..###
#...# ...# #.P..
.... ..... .....


You could see a skyshark (strong), an elephant, the friendly Bogwald the orc
apostle, the friendly Orkidu the orc apostle and the friendly Pellinorc the orc
apostle.

Vanquished Creatures
  Erica (Lair:1)
  A boulder beetle (Lair:4)
  6 death yaks
  3 skysharks
  Pikel (D:5)
  A black mamba (Lair:4)
  2 elephants (Lair:4)
  A torpor snail (Lair:1)
  2 kobold demonologists (D:9)
  8 cane toads
  3 rime drakes
  2 komodo dragons
  A polar bear (Lair:3)
  A hornet (Lair:5)
  8 blink frogs
  2 wyverns
  3 spriggans (Lair:5)
  3 basilisks
  23 yaks
  A vampire mosquito (D:10)
  A steam dragon (Lair:3)
  Edmund (D:5)
  2 nagas (Lair:2)
  4 water moccasins
  4 orc warriors
  A sky beast (D:7)
  An ice beast (D:7)
  An ogre (D:7)
  A black bear (Lair:5)
  20 wolves
  A phantom (D:3)
  5 centaurs
  2 lemures (D:5)
  7 kobold brigands
  A gnoll sergeant (D:7)
  3 scorpions
  7 bullfrogs
  14 wights
  4 killer bees
  A howler monkey (D:9)
  A hound (D:6)
  2 orc priests (D:7)
  4 bombardier beetles
  A sleepcap (D:7)
  3 iguanas
  7 orc wizards
  7 gnolls
  A river rat (D:5)
  15 adders
  3 white imps
  19 dart slugs
  5 ribbon worms
  23 orcs
  6 endoplasms
  9 giant cockroaches
  11 hobgoblins
  4 jackals (D:3)
  5 quokkas
  16 ball pythons
  11 bats
  13 frilled lizards
  5 goblins
  27 kobolds
  12 rats
364 creatures vanquished.

Vanquished Creatures (collateral kills)
  A boulder beetle (Lair:3)
  6 death yaks
  2 skysharks
  6 elephants
  2 black mambas
  A merfolk siren (Lair:3)
  2 cane toads
  4 komodo dragons
  A hornet (D:9)
  3 blink frogs (Lair:2)
  A wyvern (Lair:4)
  4 spriggans (Lair:5)
  13 yaks
  3 basilisks
  2 steam dragons
  3 vampire mosquitoes (D:10)
  A naga (Lair:2)
  3 water moccasins
  An acid dragon (D:10)
  A black bear (Lair:1)
  A boggart (Lair:5)
  12 wolves
  A kobold brigand (D:8)
  A gnoll sergeant (D:10)
  A bullfrog (Lair:3)
  6 wights (D:9)
  A killer bee (D:9)
  2 orc wizards
  2 gnolls (D:10)
  An orc (D:10)
  2 bats (Lair:1)
  9 kobolds
99 creatures vanquished.

Vanquished Creatures (others)
  An orc (D:8)
1 creature vanquished.

Grand Total: 464 creatures vanquished

Notes
Turn   | Place    | Note
-------+----------+-------------------------------------------
     0 | D:1      | BigDaddyOpFi the Coglin Monk began the quest for the Orb.
     0 | D:1      | Reached XP level 1. HP: 18/18 MP: 1/1
   177 | D:1      | Reached XP level 2. HP: 24/24 MP: 2/2
   420 | D:1      | Reached XP level 3. HP: 29/29 MP: 3/3
   499 | D:1      | Found Midaddom's Armour Shoppe.
  1019 | D:2      | Reached XP level 4. HP: 35/35 MP: 4/4
  1215 | D:2      | Found a faded altar of an unknown god.
  1515 | D:2      | Reached skill level 1 in Armour
  1573 | D:3      | Reached XP level 5. HP: 31/42 MP: 5/5
  1631 | D:3      | Identified the +2 ring mail of Purpose {-Cast rPois rN+++
                  | rCorr}
  1711 | D:3      | Noticed a phantom
  1727 | D:3      | Killed a phantom
  1854 | D:3      | Reached XP level 6. HP: 48/48 MP: 6/6
  1883 | D:3      | Found a radiant altar of Vehumet.
  2342 | D:4      | Reached XP level 7. HP: 55/55 MP: 7/7
  2738 | D:5      | Entered Level 5 of the Dungeon
  2745 | D:5      | Noticed Pikel
  2773 | D:5      | Killed Pikel
  2774 | D:5      | Reached skill level 5 in Fighting
  2774 | D:5      | Reached skill level 5 in Axes
  2774 | D:5      | Reached XP level 8. HP: 24/62 MP: 8/8
  3083 | D:5      | Found a glowing drain.
  3094 | Sewer    | Entered a sewer
  3702 | Sewer    | Got Sif Muna's Encyclopedia of Inhalation and Solvents
  4354 | D:5      | Noticed Edmund
  4358 | D:5      | Killed Edmund
  4359 | D:5      | Reached skill level 5 in Dodging
  4780 | D:6      | Reached XP level 9. HP: 8/68 MP: 9/9
  5364 | D:6      | Became a worshipper of Beogh the Shepherd
  5364 | D:6      | Reached * piety under Beogh
  5364 | D:6      | Reached ** piety under Beogh
  5366 | D:6      | Found Awnour's Antique Armour Boutique.
  5681 | D:6      | Found an opulent altar of Gozag.
  5917 | D:6      | Found a sacrificial altar of Ru.
  6081 | D:6      | Found a hide-covered altar of Uskayaw.
  6082 | D:6      | Found an ancient bone altar of Kikubaaqudgha.
  6093 | D:6      | Found a basalt altar of Yredelemnul.
  7666 | D:8      | Reached XP level 10. HP: 77/77 MP: 10/10
  7707 | D:8      | Noticed a death yak
  7707 | D:8      | Noticed a death yak
  7708 | D:8      | Noticed a cane toad
  7715 | D:8      | Found a staircase to the Lair.
  7717 | D:8      | Reached skill level 5 in Armour
  7729 | D:8      | Killed a cane toad
  7729 | D:8      | Reached *** piety under Beogh
  7747 | D:7      | Killed a death yak
  7748 | D:7      | Reached skill level 5 in Maces & Flails
  7748 | D:7      | Reached skill level 5 in Throwing
  7826 | D:7      | Noticed Orkidu
  7837 | D:7      | Gained mutation: You are weak. (Str -2) [potion of
                  | mutation]
  7837 | D:7      | Gained mutation: You are covered in fur. (AC +1) [potion of
                  | mutation]
  7837 | D:7      | Gained mutation: Your spells are a little harder to cast,
                  | but a little more powerful. [potion of mutation]
  7851 | D:7      | HP: 3/79 [Orkidu the orc apostle/+2 battleaxe of distortion
                  | (17)]
  7857 | D:7      | Anointed Orkidu the warrior as your apostle
  8196 | D:7      | Killed a death yak
  8948 | D:9      | Noticed a kobold demonologist
  8949 | D:9      | Noticed a sixfirhy
  8950 | D:9      | Noticed a kobold demonologist
  8960 | D:9      | Killed a kobold demonologist
  8964 | D:9      | Killed a kobold demonologist
  8965 | D:9      | Reached XP level 11. HP: 85/85 MP: 11/11
  8979 | D:9      | HP: 4/85 [poisoned by a hornet]
  8982 | D:9      | HP: 1/85 [poisoned by a hornet]
  9126 | D:9      | Identified the +5 mace "Tontiran" {speed, rN+ Dex+5}
  9126 | D:9      | Noticed Spirok
  9138 | D:9      | Anointed Spirok the priest as your apostle
  9370 | D:9      | Reached **** piety under Beogh
  9561 | D:9      | Paralysed by a hornet for 1 turns
  9944 | D:10     | Entered Level 10 of the Dungeon
 10492 | D:10     | Found a staircase to the Orcish Mines.
 10704 | Lair:1   | Entered Level 1 of the Lair of Beasts
 11625 | Lair:1   | Noticed Erica
 11633 | Lair:1   | Killed Erica
 11637 | Lair:1   | Reached XP level 12. HP: 51/94 MP: 12/12
 12056 | Lair:1   | Noticed Bogwald
 12070 | Lair:1   | Anointed Bogwald the priest as your apostle
 13536 | Lair:2   | Found a transporter.
 13536 | Lair:2   | Noticed warriortoast's ghost (journeyman GrEE)
 13537 | Lair:2   | Noticed a boulder beetle
 13540 | Lair:2   | Found a transporter.
 13555 | Lair:2   | Noticed a death yak
 13556 | Lair:2   | Noticed a death yak
 13556 | Lair:2   | Noticed a death yak
 13557 | Lair:2   | Noticed a death yak
 13561 | Lair:2   | Noticed a death yak
 13561 | Lair:2   | Noticed a death yak
 13561 | Lair:2   | Killed a death yak
 13563 | Lair:2   | Banished a death yak
 13802 | Lair:2   | Banished a death yak
 13804 | Lair:2   | Killed a death yak
 13804 | Lair:2   | Reached ***** piety under Beogh
 13807 | Lair:2   | Killed a death yak
 13811 | Lair:2   | Killed a death yak
 13985 | Lair:2   | Noticed a skyshark
 13998 | Lair:2   | Killed a skyshark
 14553 | Lair:2   | Reached XP level 13. HP: 81/101 MP: 13/13
 14897 | Lair:2   | Found a staircase to the Snake Pit.
 18291 | Lair:3   | Reached skill level 10 in Axes
 18310 | Lair:3   | Reached skill level 10 in Fighting
 18784 | Lair:3   | Identified the +3 ring mail of Jeosteum {-Tele Rampage
                  | Regen+ Int+3}
 18920 | Lair:3   | Found a staircase to the Shoals.
 20285 | Lair:4   | Found a staircase to the Slime Pits.
 20611 | Lair:4   | Reached XP level 14. HP: 76/111 MP: 14/14
 20717 | Lair:4   | Acquired a dynamic dynamo {AutoDazzle, rF+ Slay+3}
 21014 | Lair:4   | Anointed Pellinorc the warrior as your apostle
 21773 | Lair:5   | Entered Level 5 of the Lair of Beasts
 21994 | Lair:5   | Paralysed by a hornet for 3 turns
 22006 | Lair:5   | HP: 5/111 [poisoned by a hornet]
 22026 | Lair:5   | HP: 1/111 [elephant (12)]
 22028 | Lair:5   | Slain by a skyshark

Illustrated notes

Levels and vault maps discovered:
D:1:      zelgadis_glass_arrival_small, layout_basic, serial_shops,
          nicolae_shop_hallway_plus
D:2:      layout_loops_ring, ebering_ecumenical_altar_mist,
          hangedman_glass_teeth, grunt_ministairs_9, minmay_tetromino_s2
D:3:      layout_rooms, vehumet_statue, minmay_joined_circles
D:4:      layout_basic
D:5:      layout_loops_ring, portal_sewer_entry_e, uniq_pikel, uniq_edmund
D:6:      layout_layer_cave, mainiacjoe_overflow_alcove_3,
          lemuel_coloured_pillars_altar, minmay_temple_entry_from_below_b,
          serial_shops, nicolae_shop_advertising_works
          [nicolae_subvault_shop_adworks]
D:7:      layout_loops_ring
D:8:      layout_rooms, dpeg_lair_monsters, nicolae_nh_ransacked_shop
D:9:      layout_long_grid
D:10:     minmay_flawed_box, layout_basic, orc_0_dummy
D:11:     layout_loops_cross, ebering_ghost_disaster_area,
          grunt_decor_mini_mirrors, uniq_sonja, uniq_harold, uniq_urug
Lair:1:   layout_chaotic_city, cheibrodos_lair_caveside_slide,
          serial_bayou_pond_e, roderic_batcave, grunt_megastairs_4, uniq_erica
Lair:2:   layout_chaotic_city, nicolae_snake_entry_squirm,
          gammafunk_ghost_arena, minivault_25
Lair:3:   beargit_carnivore_pack, layout_layer_cave,
          minmay_shoals_entry_lonely_mermaid
Lair:4:   layout_cave_pods, slime_entry_1, chequers_serial_rivers_micro_c,
          lemuel_fruit_tree, infiniplex_staircase_pool_2
Lair:5:   minmay_lair_end_enchanted_forest, layout_regular_city

Skill      XL: |  1  2  3  4  5  6  7  8  9 10 11 12 13 14 |
---------------+-------------------------------------------+-----
Dodging        | 3 4 5 6 7 8 9 |  9.8
Armour         | 1 2 3 4 5 6 7 8 9 |  9.1
Fighting       | 4 5 6 7 8 9 10 | 10.8
Axes           | 4 5 6 7 8 9 10 | 10.9
Maces & Flails | 2 3 4 5 6 7 8 9 |  9.1
Throwing       | 2 3 4 5 6 7 8 9 |  9.1

Action                     |  1- 3 |  4- 6 |  7- 9 | 10-12 | 13-15 || total
---------------------------+-------+-------+-------+-------+-------++-------
  Melee: Hand axe          |    57 |   117 |    49 |       |       ||   223
         Whip              |    58 |   122 |   245 |   248 |   219 ||   892
         War axe           |       |       |   203 |   269 |   227 ||   699
  Throw: Javelin           |       |       |     9 |     3 |       ||    12
 Invoke: Convert to Beogh  |       |       |     1 |       |       ||     1
         Recruit Apostle   |       |       |       |     3 |     1 ||     4
         Recall Apostles   |       |       |       |     5 |     3 ||     8
         Dismiss Apostle   |       |       |       |       |     1 ||     1
Ability: Invent Gizmo      |       |       |       |       |     1 ||     1
  Evoke: Wand              |       |       |       |     9 |     1 ||    10
    Use: Potion            |       |       |     4 |    15 |       ||    19
         Scroll            |       |       |    19 |    12 |     3 ||    34
   Stab: Sleeping          |     2 |       |       |       |       ||     2
         Invisible         |       |       |       |     4 |       ||     4
         Distracted        |       |       |       |     3 |     5 ||     8
 Armour: Robe              |    31 |       |       |       |       ||    31
         Ring mail         |     3 |    67 |       |       |       ||    70
         Chain mail        |       |    16 |    28 |       |       ||    44
         Plate armour      |       |       |   378 |   360 |   259 ||   997
  Dodge: Dodged            |    47 |    75 |   100 |    85 |    78 ||   385

Table legend: (Time is in decaauts)
 A = Elapsed time spent in this place.
 B = Non-inter-level travel time spent in this place.
 C = Inter-level travel time spent in this place.
 D = Time resting spent in this place.
 E = Time spent auto-exploring this place.
 F = Levels seen in this place.
 G = Mean time per level.
                   A        B        C        D        E       F      G
               +--------+--------+--------+--------+--------+-----+--------+
         Total |  22110 |  21572 |    538 |   8937 |   8583 |  17 | 1300.6 |
       Dungeon |   9741 |   9317 |    424 |   1963 |   5209 |  11 |  885.5 |
          Lair |  11235 |  11122 |    113 |   6455 |   3135 |   5 | 2247.0 |
         Sewer |   1133 |   1133 |      0 |    519 |    238 |   1 | 1133.0 |
               +--------+--------+--------+--------+--------+-----+--------+

Top non-repeatable levels by time:
  Lair:2: 4425 daAuts
  Lair:1: 2716 daAuts
     D:7: 2067 daAuts
  Lair:3: 2021 daAuts
  Lair:4: 1827 daAuts
     D:6: 1544 daAuts
   Sewer: 1133 daAuts
     D:9: 1080 daAuts
     D:5: 969 daAuts
     D:1: 794 daAuts
    D:10: 738 daAuts
     D:2: 689 daAuts
     D:3: 649 daAuts
     D:4: 618 daAuts
     D:8: 588 daAuts
